 Dungeon Crawl Stone Soup version 0.31-a0-188-g5e087ee2ca (webtiles) character file.

Game seed: 9614686581118604723

45 qw the Shooter (level 3, 0/20 HPs)
             Began as a Deep Elf Hunter on June 23, 2023.
             Succumbed to an adder's poison
             ... on level 1 of the Dungeon.
             The game lasted 00:00:24 (823 turns).

qw the Shooter (Deep Elf Hunter)                     Turns: 823, Time: 00:00:25

Health: 0/20       AC:  3    Str: 10    XL:     3   Next: 42%
Magic:  5/5        EV: 12    Int: 13    God:
Gold:   24         SH:  0    Dex: 18    Spells: 2/2 levels left

rFire   . . .        Y - +0 shortbow
rCold   . . .        (shield currently unavailable)
rNeg    + . .        c - +0 leather armour
rPois   .            (no helmet)
rElec   .            (no cloak)
rCorr   .            (no gloves)
SInv    .            (no boots)
Will    .....        (no amulet)
Stlth   ++           e - ring of positive energy
HPRegen 0.23/turn    (no ring)
MPRegen 0.09/turn

%: no passive effects
@: lethally poisoned (0 -> -3), about to teleport
A: no striking features
a: no special abilities


You were on level 1 of the Dungeon.
You visited 1 branch of the dungeon, and saw 2 of its levels.

You collected 24 gold pieces.


   Skills:
 - Level 1.5 Fighting
 + Level 7.0 Ranged Weapons
 - Level 2.4 Dodging
 - Level 1.2 Stealth


You had 2 spell levels left.
You didn't know any spells.
Your spell library was empty.

Inventory:

Hand Weapons
 Y - a +0 shortbow (weapon)
Armour
 c - a +0 leather armour (worn)
Jewellery
 e - a ring of positive energy (left hand)
Scrolls
 a - a scroll of teleportation
Potions
 f - a potion of enlightenment {unknown}
 h - a potion of degeneration {unknown}
 i - a potion of heal wounds {unknown}

Dungeon Overview and Level Annotations

Branches:
Dungeon (2/15)

Altars:

Shops:
D:1 [


Message History

You shoot an arrow. The arrow barely misses the goblin.
The goblin hits you with a +0 dagger. The adder barely misses you.
You shoot an arrow. The arrow hits the goblin!
You kill the goblin!
The adder misses you. The adder bites you.
812 ||| STAIRDANCE The adder closely misses you.
You climb upwards.
There is a stone staircase leading down here.
You shoot an arrow.
The arrow hits the adder but does no damage.
The adder misses you.
You shoot an arrow. The arrow barely misses the adder.
The adder closely misses you. The adder barely misses you.
You shoot an arrow. The arrow hits the adder.
The adder is heavily wounded.
The adder bites you.
You shoot an arrow. The arrow barely misses the adder.
The adder bites you.
You are poisoned.
The adder poisons you!
You shoot an arrow. The arrow closely misses the adder.
You feel sick. The adder closely misses you. The adder bites you.
You shoot an arrow. The arrow hits the adder.
The adder is heavily wounded.
You feel sick. The adder completely misses you.
You shoot an arrow. The arrow barely misses the adder.
You feel sick. The adder bites you.
You are more poisoned.
The adder poisons you! The adder closely misses you.
You shoot an arrow. The arrow hits the adder.
The adder is severely wounded.
You feel sick. The adder bites you.
822 ||| READING 2 scrolls of teleportation.
As you read the scroll of teleportation, it crumbles to dust.
You feel strangely unstable.
You feel sick. The adder bites you but does no damage. The adder bites you.
You shoot an arrow. The arrow hits the adder.
The adder is almost dead.
You die...

#.........# ##.......######
.)##.######
##.....#........ ..##.#
##.....#######.## ..##.##
##.....##.# #.# ..#...#
##.....###.# #.#
..##.##########.....## #.#
#.# ..##............8..##
#.#####.##
..............<...##
#.........
####............@..##
#..#######
##...#########..S..## #..#
##.....##.# ##.....###..#
..........# ##.....##..#
##.....#### ##.....##.#
###...#############.....#.#
.(................##......#
.....#..#############.....#
# ######..###### ##..?.# #


You could see an adder.

Vanquished Creatures
  2 dart slugs (D:1)
  3 ball pythons (D:1)
  8 endoplasms (D:1)
  A giant cockroach (D:1)
  2 goblins
  5 hobgoblins (D:1)
  A kobold (D:1)
  2 quokkas (D:1)
  5 bats (D:1)
  A frilled lizard (D:1)
  3 rats (D:1)
33 creatures vanquished.

Notes
Turn   | Place    | Note
-------+----------+-------------------------------------------
     0 | D:1      | qw the Deep Elf Hunter began the quest for the Orb.
     0 | D:1      | Reached XP level 1. HP: 12/12 MP: 3/3
     0 | D:1      | 0 ||| qw: Version: 0.3-a-9-g12657ce
     0 | D:1      | 0 ||| qw: Game counter: 4071
     0 | D:1      | 0 ||| qw: Always use a shield: true
     0 | D:1      | 0 ||| qw: God list: Okawaru
     0 | D:1      | 0 ||| qw: Allow faded altars: false
     0 | D:1      | 0 ||| qw: Do Orc after D:15 true
     0 | D:1      | 0 ||| qw: Do second Lair branch before Depths: true
     0 | D:1      | 0 ||| qw: Lair rune preference: random
     0 | D:1      | 0 ||| qw: Plans: Normal
     0 | D:1      | 0 ||| PLANNING D:1-11
    79 | D:1      | Reached XP level 2. HP: 16/16 MP: 4/4
    82 | D:1      | Reached skill level 6 in Ranged Weapons
    97 | D:1      | HP: 4/16 [hobgoblin (2)]
   388 | D:1      | Reached XP level 3. HP: 15/20 MP: 5/5
   591 | D:1      | Found Sergh's Antique Armour Shoppe.
   597 | D:1      | 597 ||| SHOPLISTING glowing robe (85 gold, have 24).
   597 | D:1      | 597 ||| SHOPLISTING pair of boots (103 gold, have 24).
   597 | D:1      | 597 ||| SHOPLISTING ring mail (92 gold, have 24).
   597 | D:1      | 597 ||| SHOPLISTING runed scale mail (161 gold, have 24).
   774 | D:1      | 774 ||| UPGRADING to ring of positive energy.
   775 | D:1      | 775 ||| READING 3 scrolls labelled EBIDGHAJICA.
   778 | D:1      | 778 ||| READING scroll labelled VUHIAGH ASKOGAES.
   779 | D:1      | 779 ||| DROPPING scroll of butterflies.
   791 | D:2      | 791 ||| STAIRDANCE
   794 | D:1      | Reached skill level 7 in Ranged Weapons
   812 | D:2      | 812 ||| STAIRDANCE
   821 | D:1      | HP: 4/20 [adder (2)]
   822 | D:1      | 822 ||| READING 2 scrolls of teleportation.
   822 | D:1      | HP: 1/20 [adder (1)]
   823 | D:1      | Succumbed to an adder's poison

Levels and vault maps discovered:
D:1:      psy_arrival_spokes, layout_loops_ring, serial_shops, shop,
          hangedman_decor_points, minmay_small_reverse_x
D:2:      layout_loops_ring, serial_shops, shop, shop, nicolae_shop_waterfront

Skill      XL: |  1  2  3 |
---------------+----------+-----
Ranged Weapons | 6 7 |  7.0
Fighting       | |  1.5
Dodging        | |  2.4
Stealth        | |  1.2

Action                     || total
---------------------------++-------
   Fire: Shortbow          ||   111
    Use: Scroll            ||     3
 Armour: Leather armour    ||    14
  Dodge: Dodged            ||    43

Table legend:
 A = Non-vault XP
 B = Vault XP
 C = Vault XP percentage of total XP
 D = Non-vault monster count
 E = Vault monster count
 F = Vault count percentage of total count
                 A         B        C        D         E       F
            +---------+---------+-------+---------+---------+-------
      Total |      57 |       8 |  12.3 |      29 |       4 |  12.1
            +---------+---------+-------+---------+---------+-------
        D:1 |      55 |       8 |  12.7 |      28 |       4 |  12.5
        D:2 |       2 |       0 |   0.0 |       1 |       0 |   0.0
            +---------+---------+-------+---------+---------+-------
